Devils vs BlueJackets

Created - Wednesday, April 01, 2015 at 00:55

Goals
1 2 3 T
Devils 1 1 1 3
BlueJackets 1 2 2 5
Shots
1 2 3 T
Devils 6 17 9 32
BlueJackets 13 7 13 33

1st period

1. BlueJackets , Vernon Fiddler 5 (Tobias Enstrom, Teddy Purcell) at 3:24 (PP)
2. Devils , Tyler Johnson 30 (Drew Stafford, Jamie McGinn) at 7:18 (PP)

Penalties :
Scottie Upshall (NJD) for Boarding (Minor) at 3:13, Vernon Fiddler (Clb) for Roughing (Minor) at 3:59, Jesse Winchester (Clb) for Roughing (Minor) at 6:57, Patrik Berglund (NJD) for Interference (Minor) at 9:09, Ryan Garbutt (Clb) for Interference (Minor) at 14:26

2nd period

3. BlueJackets , Sam Gagner 14 (Tobias Enstrom, Erik Cole) at 1:13 (PP)
4. BlueJackets , Erik Cole 16 (Sam Gagner, Tobias Enstrom) at 12:56 (PP)
5. Devils , Matt Irwin 3 (Ales Hemsky) at 17:43

Penalties :
David Warsofsky (NJD) for Hooking (Minor) at 0:41, Scooter Vaughan (NJD) for Holding Stick (Minor) at 2:18, Adam Burish (NJD) for Slashing (Minor) at 11:57

3rd period

6. BlueJackets , Teddy Purcell 20 (Patrick Wiercioch, Vernon Fiddler) at 9:47
7. Devils , Tyler Johnson 31 (Drew Stafford) at 10:25
8. BlueJackets , Chad Ruhwedel 1 (Tobias Enstrom, Teddy Purcell) at 11:10

Penalties :
Tim Gleason (NJD) for Tripping (Minor) at 0:03, Kevin Klein (Clb) for Hooking (Minor) at 2:35, Ryan Garbutt (Clb) for Interference (Minor) at 19:59

Goalie Stats

Thomas Greiss (NJD), 28 saves from 33 shots - (0.848), L, 13-11-1, 60:00 minutes
Jake Allen (Clb), 29 saves from 32 shots - (0.906), W, 12-25-3, 60:00 minutes

Players Stats for Devils

Player Name              G  A  P  +/- PIM S  H  SB GA TA FO     MP     PP MP  PK MP  
------------------------------------------------------------------------------------
Adam Burish              0  0  0   0  2   1  1  1  1  0  0/0    20:10   0:00   5:19 
Ales Hemsky              0  1  1   0  0   1  1  1  1  0  0/0    14:21   0:00   0:18 
Chris Mueller            0  0  0   0  0   1  0  1  1  0  4/9    14:03   0:00   0:00 
David Warsofsky          0  0  0  -1  2   0  1  2  0  1  0/0    24:49   3:46   3:04 
Drew Stafford            0  2  2   1  0   3  2  2  8  2  6/12   21:51   3:30   6:18 
Jamie McGinn             0  1  1   1  0   2  2  0  4  0  0/2    23:00   3:30   1:21 
Jason Akeson             0  0  0   0  0   0  0  0  0  0  0/0     0:00   0:00   0:00 
Jay Beagle               0  0  0   0  0   0  1  0  0  0  1/2     6:09   0:00   0:00 
Kris Versteeg            0  0  0  -1  0   4  1  0  2  0  1/2    15:49   2:47   0:00 
Matt Irwin               1  0  1   2  0   1  2  1  0  0  0/0    14:01   0:00   1:31 
Patrik Berglund          0  0  0  -1  2   3  2  1  3  1  11/14  18:32   2:47   0:41 
Ryan Jones               0  0  0   0  0   0  0  0  1  0  1/1     5:41   0:00   0:00 
Scooter Vaughan          0  0  0   2  2   0  3  0  0  0  0/0    17:53   2:31   0:00 
Scottie Upshall          0  0  0  -1  2   6  0  0  2  0  0/1    17:09   2:47   1:21 
Sergei Gonchar           0  0  0  -1  0   2  1  3  0  2  0/0    25:33   3:46   4:35 
Theo Peckham             0  0  0  -1  0   0  5  0  0  1  0/0    20:49   0:00   4:35 
Tim Gleason              0  0  0  -1  2   3  1  3  1  3  0/0    17:36   2:31   1:33 
Tyler Johnson            2  0  2   1  0   5  0  0  3  1  8/17   14:44   3:30   0:00 

Players Stats for BlueJackets

Player Name              G  A  P  +/- PIM S  H  SB GA TA FO     MP     PP MP  PK MP  
------------------------------------------------------------------------------------
Adam Pardy               0  0  0   0  0   0  0  0  0  0  0/0     2:06   0:11   1:02 
Andrej Meszaros          0  0  0   0  0   1  2  0  0  1  0/0    17:39   5:05   2:50 
Chad Ruhwedel            1  0  1  -1  0   2  0  1  0  2  0/0    15:16   0:00   1:57 
Drew Shore               0  0  0  -2  0   0  1  1  0  2  7/12   15:51   0:00   0:00 
Erik Cole                1  1  2   0  0   2  0  0  2  0  1/1    19:55   4:27   1:59 
James Wright             0  0  0  -1  0   1  0  0  0  0  1/4     5:58   0:00   0:00 
Jesse Winchester         0  0  0  -1  2   4  0  0  3  0  0/0    15:37   0:00   0:00 
Justin Williams          0  0  0   2  0   1  0  0  1  1  0/0    22:50   3:12   3:23 
Kevin Connauton          0  0  0   1  0   0  0  1  0  1  0/0    12:38   0:00   0:00 
Kevin Klein              0  0  0   0  2   2  1  3  0  1  0/0    23:10   2:23   1:35 
Matt Nieto               0  0  0   0  0   0  1  1  1  1  7/16   13:29   0:00   0:00 
Michael Raffl            0  0  0  -1  0   1  1  0  2  0  0/0     6:53   0:00   0:55 
Patrick Wiercioch        0  1  1   1  0   3  0  1  1  3  0/0    17:05   2:23   2:04 
Ryan Garbutt             0  0  0  -1  4   3  5  2  1  1  0/4    20:35   4:27   0:00 
Sam Gagner               1  1  2   0  0   1  1  0  3  0  2/2    19:55   4:27   1:59 
Teddy Purcell            1  2  3   2  0   6  1  0  3  0  0/6    18:28   3:12   4:18 
Tobias Enstrom           0  4  4  -1  0   4  1  1  1  6  0/0    32:14   5:16   3:06 
Vernon Fiddler           1  1  2   2  2   2  1  0  1  2  10/15  13:54   3:12   0:00 

3 Stars

1 - Teddy Purcell (Clb)
2 - Tyler Johnson (NJD)
3 - Tobias Enstrom (Clb)

Power Play

Devils - 1 on 5 Attempt(s) - 20.00%
BlueJackets - 3 on 6 Attempt(s) - 50.00%

Penalty Kill

Devils - 3 on 6 Attempt(s) - 50.00% - Score 0 goal in Penalty Kill
BlueJackets - 4 on 5 Attempt(s) - 80.00% - Score 0 goal in Penalty Kill

Team Stat

Devils - Hits : 23 - Faceoff Wins : 32 - Blocked Shots : 15 - Penalty Minutes : 12
BlueJackets - Hits : 15 - Faceoff Wins : 28 - Blocked Shots : 11 - Penalty Minutes : 10

Official

Referees : Unknown
Linesman : Unknown

Game Notes

Adam Pardy is injured at 5:02 of 1st period (Left Leg)
9:46 of 1st period - BlueJackets goal is going for a video replay. After video review, No Goal. The puck has entered the net after making contact with an attacking player’s stick that is above the height of the crossbar.

Finance

Level 1 -- Attendance: 3952 (65.87%) -- Ticket Income $395,200
Level 2 -- Attendance: 3271 (65.42%) -- Ticket Income $196,260
Level 3 -- Attendance: 1399 (69.95%) -- Ticket Income $48,965
Level 4 -- Attendance: 2659 (66.48%) -- Ticket Income $53,180
Luxury Box -- Attendance: 688 (68.80%) -- Ticket Income $137,600
Game was played at the Nationwide Arena'
Total Attendance: 11969 (66.49%)
Total Ticket Income: $831,205
Other Income: $407,290
Total Income: $1,238,495

Devils

5 vs 5 Forward 
   Center                   Left Wing                Right Wing               Time % Phy DF OF 
 1 Tyler Johnson            Drew Stafford            Jamie McGinn             35     0   0  5  
 2 Patrik Berglund          Scottie Upshall          Kris Versteeg            30     0   0  5  
 3 Chris Mueller            Ales Hemsky              Adam Burish              22     1   2  2  
 4 Jay Beagle               Ryan Jones               Jamie McGinn             13     5   0  0  

5 vs 5 Defense 
   Defense                  Defense                                           Time % Phy DF OF 
 1 Sergei Gonchar           David Warsofsky                                   35     1   2  2  
 2 Tim Gleason              Theo Peckham                                      30     1   2  2  
 3 Matt Irwin               Scooter Vaughan                                   22     1   2  2  
 4 Theo Peckham             Scooter Vaughan                                   13     1   2  2  

PowerPlay Forward 
   Center                   Left Wing                Right Wing               Time % Phy DF OF 
 1 Tyler Johnson            Drew Stafford            Jamie McGinn             60     0   0  5  
 2 Patrik Berglund          Scottie Upshall          Kris Versteeg            40     0   0  5  

PowerPlay Defense
   Defense                  Defense                                           Time % Phy DF OF 
 1 Sergei Gonchar           David Warsofsky                                   60     1   2  2  
 2 Tim Gleason              Scooter Vaughan                                   40     1   2  2  

Penalty Kill 4 Players Forward 
   Center                   Wing                     Time % Phy DF OF 
 1 Drew Stafford            Adam Burish              60     1   2  2  
 2 Patrik Berglund          Jamie McGinn             40     1   2  2  

Penalty Kill 4 Players Defense
   Defense                  Defense                  Time % Phy DF OF 
 1 Theo Peckham             Sergei Gonchar           60     1   2  2  
 2 Tim Gleason              David Warsofsky          40     1   2  2  

Penalty Kill - 3 Players Forward 
   Forward                                           Time % Phy DF OF 
 1 Drew Stafford                                     60     1   2  2  
 2 Adam Burish                                       40     1   2  2  

Penalty Kill - 3 Players Defense
   Defense                  Defense                  Time % Phy DF OF 
 1 Matt Irwin               Tim Gleason              60     1   2  2  
 2 David Warsofsky          Matt Irwin               40     1   2  2  

4 vs 4 Forward 
   Center                   Wing                     Time % Phy DF OF 
 1 Drew Stafford            Jason Akeson             60     1   2  2  
 2 Patrik Berglund          Jamie McGinn             40     1   2  2  

4 vs 4 Defense
   Defense                  Defense                  Time % Phy DF OF 
 1 Scooter Vaughan          Theo Peckham             60     1   2  2  
 2 Tim Gleason              David Warsofsky          40     1   2  2  

Last Minutes Offensive
   Center                   Left Wing                Right Wing               Defense                  Defense                  
   Tyler Johnson            Drew Stafford            Jamie McGinn             Scooter Vaughan          David Warsofsky          

Last Minutes Defensive
   Center                   Left Wing                Right Wing               Defense                  Defense                  
   Adam Burish              Drew Stafford            Jamie McGinn             Tim Gleason              Matt Irwin               

Goaltenders
Starting : Thomas Greiss            
Backup : Jason Missiaen           

Extra Forwards
Normal : Jay Beagle, Ryan Jones, Scottie Upshall - PP : Tyler Johnson, Jay Beagle - PK : Scottie Upshall
Extra Defensemen
Normal : Matt Irwin, David Warsofsky, Tim Gleason - PP : Matt Irwin - PK : David Warsofsky, Tim Gleason
Penalty Shots
Drew Stafford, Tyler Johnson, Patrik Berglund, Jamie McGinn, Scottie Upshall

BlueJackets

5 vs 5 Forward 
   Center                   Left Wing                Right Wing               Time % Phy DF OF 
 1 Matt Nieto               Erik Cole                Sam Gagner               35     1   2  2  
 2 Vernon Fiddler           Teddy Purcell            Justin Williams          30     1   2  2  
 3 Drew Shore               Ryan Garbutt             Jesse Winchester         22     1   2  2  
 4 James Wright             Michael Raffl            Justin Williams          13     1   2  2  

5 vs 5 Defense 
   Defense                  Defense                                           Time % Phy DF OF 
 1 Tobias Enstrom           Chad Ruhwedel                                     35     1   2  2  
 2 Adam Pardy               Kevin Klein                                       30     1   2  2  
 3 Patrick Wiercioch        Kevin Connauton                                   22     1   2  2  
 4 Tobias Enstrom           Kevin Klein                                       13     1   2  2  

PowerPlay Forward 
   Center                   Left Wing                Right Wing               Time % Phy DF OF 
 1 Ryan Garbutt             Erik Cole                Sam Gagner               60     1   2  2  
 2 Vernon Fiddler           Teddy Purcell            Justin Williams          40     1   2  2  

PowerPlay Defense
   Defense                  Defense                                           Time % Phy DF OF 
 1 Tobias Enstrom           Adam Pardy                                        60     1   2  2  
 2 Patrick Wiercioch        Kevin Klein                                       40     1   2  2  

Penalty Kill 4 Players Forward 
   Center                   Wing                     Time % Phy DF OF 
 1 Teddy Purcell            Justin Williams          60     1   2  2  
 2 Sam Gagner               Erik Cole                40     1   2  2  

Penalty Kill 4 Players Defense
   Defense                  Defense                  Time % Phy DF OF 
 1 Tobias Enstrom           Adam Pardy               60     1   2  2  
 2 Patrick Wiercioch        Kevin Klein              40     1   2  2  

Penalty Kill - 3 Players Forward 
   Forward                                           Time % Phy DF OF 
 1 Erik Cole                                         60     1   2  2  
 2 Justin Williams                                   40     1   2  2  

Penalty Kill - 3 Players Defense
   Defense                  Defense                  Time % Phy DF OF 
 1 Tobias Enstrom           Adam Pardy               60     1   2  2  
 2 Kevin Connauton          Kevin Klein              40     1   2  2  

4 vs 4 Forward 
   Center                   Wing                     Time % Phy DF OF 
 1 Ryan Garbutt             Justin Williams          60     1   2  2  
 2 Teddy Purcell            Erik Cole                40     1   2  2  

4 vs 4 Defense
   Defense                  Defense                  Time % Phy DF OF 
 1 Tobias Enstrom           Patrick Wiercioch        60     1   2  2  
 2 Adam Pardy               Kevin Klein              40     1   2  2  

Last Minutes Offensive
   Center                   Left Wing                Right Wing               Defense                  Defense                  
   Matt Nieto               Erik Cole                Sam Gagner               Tobias Enstrom           Adam Pardy               

Last Minutes Defensive
   Center                   Left Wing                Right Wing               Defense                  Defense                  
   Matt Nieto               Erik Cole                Sam Gagner               Tobias Enstrom           Adam Pardy               

Goaltenders
Starting : Jake Allen               
Backup : Joni Ortio               

Extra Forwards
Normal : Ryan Garbutt, Drew Shore, James Wright - PP : Ryan Garbutt, Drew Shore - PK : James Wright
Extra Defensemen
Normal : Kevin Klein, Adam Pardy, Tobias Enstrom - PP : Tobias Enstrom - PK : Kevin Klein, Tobias Enstrom
Penalty Shots
James Wright, Justin Williams, Sam Gagner, Erik Cole, Teddy Purcell

% Time on Ice - Devils

Lines # - Real PCT - Wanted PCT - Time Play
Normal Forward
1 - 26% - 35% - 12:03
2 - 32% - 30% - 14:39
3 - 31% - 22% - 14:03
4 - 12% - 13% - 5:18
Normal Defense
1 - 38% - 35% - 17:40
2 - 29% - 30% - 13:33
3 - 25% - 22% - 11:29
4 - 7% - 13% - 3:21
PP Forward
1 - 56% - 60% - 3:30
2 - 44% - 40% - 2:48
PP Defense
1 - 60% - 60% - 3:46
2 - 40% - 40% - 2:32
PK Forward
1 - 82% - 60% - 6:18
2 - 18% - 40% - 1:21
PK Defense
1 - 60% - 60% - 4:35
2 - 40% - 40% - 3:04
PK3 Forward
1 - 0% - 60%
2 - 0% - 40%
PK3 Defense
1 - 0% - 60%
2 - 0% - 40%
44 Forward
1 - 0% - 60%
2 - 0% - 40%
44 Defense
1 - 0% - 60%
2 - 0% - 40%
Last Minute Offensive  - 0:00
Last Minute Defensive  - 0:00
Total
Forward - 60:00
Defense - 60:00

% Time on Ice - BlueJackets

Lines # - Real PCT - Wanted PCT - Time Play
Normal Forward
1 - 30% - 35% - 13:44
2 - 23% - 30% - 10:43
3 - 34% - 22% - 15:38
4 - 13% - 13% - 5:58
Normal Defense
1 - 31% - 35% - 14:23
2 - 38% - 30% - 17:40
3 - 27% - 22% - 12:38
4 - 3% - 13% - 1:22
PP Forward
1 - 58% - 60% - 4:27
2 - 42% - 40% - 3:12
PP Defense
1 - 69% - 60% - 5:16
2 - 31% - 40% - 2:23
PK Forward
1 - 69% - 60% - 4:19
2 - 31% - 40% - 1:59
PK Defense
1 - 67% - 60% - 4:14
2 - 33% - 40% - 2:04
PK3 Forward
1 - 0% - 60%
2 - 0% - 40%
PK3 Defense
1 - 0% - 60%
2 - 0% - 40%
44 Forward
1 - 0% - 60%
2 - 0% - 40%
44 Defense
1 - 0% - 60%
2 - 0% - 40%
Last Minute Offensive  - 0:00
Last Minute Defensive  - 0:00
Total
Forward - 60:00
Defense - 60:00

Play by Play

1st period


0:01 of 1st period - Matt Nieto wins face-off versus Tyler Johnson in neutral zone.
0:04 of 1st period - Slapshot by Tobias Enstrom.
0:04 of 1st period - Stopped by Thomas Greiss without a rebound.
0:05 of 1st period - Tyler Johnson wins face-off versus Matt Nieto in Devils zone.
0:26 of 1st period - Wrist shot by Drew Stafford.
0:26 of 1st period - Deflect By Tobias Enstrom.
0:26 of 1st period - Shot Blocked by Matt Nieto.
0:26 of 1st period - Puck is out of play.
0:27 of 1st period - Patrik Berglund wins face-off versus Vernon Fiddler in BlueJackets zone.
0:28 of 1st period - Wrist shot by Kris Versteeg.
0:28 of 1st period - Shot Misses the Net.
1:40 of 1st period - Drew Shore is hit by Ales Hemsky.
2:12 of 1st period - Snap shot by Erik Cole.
2:12 of 1st period - Shot Misses the Net.
2:36 of 1st period - Erik Cole is hit by Matt Irwin and loses puck.
2:49 of 1st period - Michael Raffl is hit by Matt Irwin and loses puck.
3:13 of 1st period - Minor Penalty to Scottie Upshall for Boarding.
3:14 of 1st period - Vernon Fiddler wins face-off versus Drew Stafford in Devils zone.
3:20 of 1st period - Wrist shot by Teddy Purcell.
3:20 of 1st period - Shot Blocked by Sergei Gonchar.
3:22 of 1st period - Slapshot by Tobias Enstrom.
3:22 of 1st period - Shot Blocked by Drew Stafford.
3:24 of 1st period - Snap shot by Vernon Fiddler.
3:24 of 1st period - Goal by Vernon Fiddler - Devils : 0 - BlueJackets : 1.
3:25 of 1st period - Drew Shore wins face-off versus Patrik Berglund in neutral zone.
3:44 of 1st period - Snap shot by Kris Versteeg.
3:44 of 1st period - Stopped by Jake Allen with a rebound.
3:46 of 1st period - Snap shot by Patrik Berglund.
3:46 of 1st period - Shot Blocked by Tobias Enstrom.
3:50 of 1st period - Slapshot by Patrik Berglund.
3:50 of 1st period - Shot Misses the Net.
3:54 of 1st period - Snap shot by Kris Versteeg.
3:54 of 1st period - Shot Misses the Net.
3:56 of 1st period - Slapshot by Sergei Gonchar.
3:56 of 1st period - Deflect By Patrik Berglund.
3:56 of 1st period - Shot Misses the Net.
3:56 of 1st period - Puck is out of play.
3:57 of 1st period - Vernon Fiddler wins face-off versus Tyler Johnson in BlueJackets zone.
3:59 of 1st period - Minor Penalty to Vernon Fiddler for Roughing.
4:00 of 1st period - Tyler Johnson wins face-off versus Teddy Purcell in BlueJackets zone.
5:01 of 1st period - Adam Pardy is hit by Kris Versteeg and loses puck.
5:02 of 1st period - Adam Pardy from BlueJackets is injured at 5:02 of 1st period (Left Leg).
5:03 of 1st period - Sam Gagner wins face-off versus Tyler Johnson in BlueJackets zone.
5:59 of 1st period - Penalty to Vernon Fiddler is over, Vernon Fiddler is back on ice.
6:57 of 1st period - Minor Penalty to Jesse Winchester for Roughing.
6:58 of 1st period - Tyler Johnson wins face-off versus Teddy Purcell in BlueJackets zone.
7:12 of 1st period - Snap shot by Tyler Johnson.
7:12 of 1st period - Stopped by Jake Allen with a rebound.
7:18 of 1st period - Snap shot by Tyler Johnson.
7:18 of 1st period - Goal by Tyler Johnson - Devils : 1 - BlueJackets : 1.
7:19 of 1st period - Drew Stafford wins face-off versus Vernon Fiddler in neutral zone.
7:30 of 1st period - Snap shot by Teddy Purcell.
7:30 of 1st period - Stopped by Thomas Greiss with a rebound.
7:32 of 1st period - Slapshot by Tobias Enstrom.
7:32 of 1st period - Shot Blocked by Tim Gleason.
7:42 of 1st period - Slapshot by Teddy Purcell.
7:42 of 1st period - Shot Misses the Net.
8:28 of 1st period - Kevin Connauton is hit by Theo Peckham and loses puck.
8:40 of 1st period - Icing by Matt Nieto.
8:41 of 1st period - Matt Nieto wins face-off versus Scottie Upshall in BlueJackets zone.
8:46 of 1st period - Slapshot by Tobias Enstrom.
8:46 of 1st period - Deflect By Sam Gagner.
8:46 of 1st period - Shot Misses the Net.
8:46 of 1st period - Puck is out of play.
8:47 of 1st period - James Wright wins face-off versus Patrik Berglund in Devils zone.
9:09 of 1st period - Minor Penalty to Patrik Berglund for Interference.
9:10 of 1st period - Drew Stafford wins face-off versus Ryan Garbutt in Devils zone.
9:10 of 1st period - Drew Stafford is hit by Andrej Meszaros.
9:19 of 1st period - Tobias Enstrom is hit by Sergei Gonchar and loses puck.
9:44 of 1st period - Wrist shot by Erik Cole.
9:44 of 1st period - Shot Misses the Net.
9:46 of 1st period - Snap shot by Ryan Garbutt.
9:46 of 1st period - BlueJackets goal is going for a video replay.
9:46 of 1st period - The goal is refused. The puck has entered the net after making contact with an attacking player’s stick that is above the height of the crossbar..
9:47 of 1st period - Vernon Fiddler wins face-off versus Drew Stafford in Devils zone.
10:00 of 1st period - Slapshot by Patrick Wiercioch.
10:00 of 1st period - Deflect By Drew Stafford.
10:00 of 1st period - Stopped by Thomas Greiss without a rebound.
10:01 of 1st period - Drew Stafford wins face-off versus Teddy Purcell in Devils zone.
10:18 of 1st period - Wrist shot by Teddy Purcell.
10:18 of 1st period - Shot Blocked by Tim Gleason.
10:20 of 1st period - Snap shot by Kevin Klein.
10:20 of 1st period - Stopped by Thomas Greiss without a rebound.
10:21 of 1st period - Drew Stafford wins face-off versus Ryan Garbutt in Devils zone.
10:21 of 1st period - Drew Stafford is hit by Sam Gagner.
11:09 of 1st period - Penalty to Patrik Berglund is over, Patrik Berglund is back on ice.
11:15 of 1st period - Adam Burish is hit by Teddy Purcell and loses puck.
12:25 of 1st period - Icing by Sergei Gonchar.
12:26 of 1st period - Matt Nieto wins face-off versus Jay Beagle in Devils zone.
12:55 of 1st period - Off-side.
12:56 of 1st period - Patrik Berglund wins face-off versus James Wright in neutral zone.
13:50 of 1st period - Snap shot by Adam Burish.
13:50 of 1st period - Shot Misses the Net.
14:26 of 1st period - Minor Penalty to Ryan Garbutt for Interference.
14:27 of 1st period - Patrik Berglund wins face-off versus Teddy Purcell in BlueJackets zone.
14:50 of 1st period - Sergei Gonchar is hit by Michael Raffl and loses puck.
15:36 of 1st period - Snap shot by Andrej Meszaros.
15:36 of 1st period - Stopped by Thomas Greiss with a rebound.
16:26 of 1st period - Penalty to Ryan Garbutt is over, Ryan Garbutt is back on ice.
16:44 of 1st period - Slapshot by Ryan Garbutt.
16:44 of 1st period - Stopped by Thomas Greiss with a rebound.
16:46 of 1st period - Slapshot by Patrick Wiercioch.
16:46 of 1st period - Shot Blocked by David Warsofsky.
16:48 of 1st period - Slapshot by Patrick Wiercioch.
16:48 of 1st period - Stopped by Thomas Greiss with a rebound.
16:50 of 1st period - Slapshot by Patrick Wiercioch.
16:50 of 1st period - Stopped by Thomas Greiss with a rebound.
16:52 of 1st period - Snap shot by Jesse Winchester.
16:52 of 1st period - Stopped by Thomas Greiss with a rebound.
16:54 of 1st period - Slapshot by Patrick Wiercioch.
16:54 of 1st period - Deflect By Jesse Winchester.
16:54 of 1st period - Stopped by Thomas Greiss with a rebound.
16:56 of 1st period - Wrist shot by Jesse Winchester.
16:56 of 1st period - Stopped by Thomas Greiss with a rebound.
17:20 of 1st period - Wrist shot by Sam Gagner.
17:20 of 1st period - Shot Misses the Net.
17:40 of 1st period - Snap shot by Adam Burish.
17:40 of 1st period - Stopped by Jake Allen without a rebound.
17:41 of 1st period - Chris Mueller wins face-off versus Matt Nieto in BlueJackets zone.
17:52 of 1st period - Wrist shot by Adam Burish.
17:52 of 1st period - Shot Misses the Net.
17:54 of 1st period - Wrist shot by Tim Gleason.
17:54 of 1st period - Deflect By Tobias Enstrom.
17:54 of 1st period - Stopped by Jake Allen with a rebound.
17:56 of 1st period - Backhand shot by Tim Gleason.
17:56 of 1st period - Shot Misses the Net.
17:58 of 1st period - Slapshot by Tim Gleason.
17:58 of 1st period - Stopped by Jake Allen with a rebound.
18:00 of 1st period - Slapshot by Tim Gleason.
18:00 of 1st period - Shot Misses the Net.
18:02 of 1st period - Slapshot by Adam Burish.
18:02 of 1st period - Shot Blocked by Chad Ruhwedel.
18:04 of 1st period - Slapshot by Tim Gleason.
18:04 of 1st period - Shot Misses the Net.
18:06 of 1st period - Slapshot by Theo Peckham.
18:06 of 1st period - Deflect By Chris Mueller.
18:06 of 1st period - Shot Misses the Net.
18:06 of 1st period - Puck is out of play.
18:07 of 1st period - Drew Shore wins face-off versus Tyler Johnson in BlueJackets zone.
18:27 of 1st period - Wrist shot by Tyler Johnson.
18:27 of 1st period - Shot Blocked by Kevin Klein.
18:29 of 1st period - Snap shot by Drew Stafford.
18:29 of 1st period - Shot Hit the Post.
18:31 of 1st period - Snap shot by Tyler Johnson.
18:31 of 1st period - Shot Misses the Net.
18:33 of 1st period - Slapshot by Tyler Johnson.
18:33 of 1st period - Shot Misses the Net.
19:01 of 1st period - Slapshot by Ales Hemsky.
19:01 of 1st period - Shot Blocked by Ryan Garbutt.
19:57 of 1st period - Snap shot by Teddy Purcell.
19:57 of 1st period - Shot Hit the Post.
Goals for this period are 1 for Devils vs 1 for BlueJackets.
Shots for this period are 6 for Devils vs 13 for BlueJackets.

2nd period


0:01 of 2nd period - Vernon Fiddler wins face-off versus Tyler Johnson in neutral zone.
0:14 of 2nd period - Snap shot by Teddy Purcell.
0:14 of 2nd period - Shot Misses the Net.
0:16 of 2nd period - Wrist shot by Vernon Fiddler.
0:16 of 2nd period - Deflect By Teddy Purcell.
0:16 of 2nd period - Stopped by Thomas Greiss without a rebound.
0:17 of 2nd period - Vernon Fiddler wins face-off versus Tyler Johnson in Devils zone.
0:41 of 2nd period - Minor Penalty to David Warsofsky for Hooking.
0:42 of 2nd period - Erik Cole wins face-off versus Drew Stafford in Devils zone.
0:58 of 2nd period - Theo Peckham is hit by Andrej Meszaros and loses puck.
1:13 of 2nd period - Snap shot by Sam Gagner.
1:13 of 2nd period - Goal by Sam Gagner - Devils : 1 - BlueJackets : 2.
1:14 of 2nd period - Patrik Berglund wins face-off versus Vernon Fiddler in neutral zone.
1:21 of 2nd period - Slapshot by Kris Versteeg.
1:21 of 2nd period - Deflect By Patrik Berglund.
1:21 of 2nd period - Shot Misses the Net.
1:21 of 2nd period - Puck is out of play.
1:22 of 2nd period - Patrik Berglund wins face-off versus Vernon Fiddler in BlueJackets zone.
1:29 of 2nd period - Wrist shot by Kris Versteeg.
1:29 of 2nd period - Shot Misses the Net.
1:39 of 2nd period - Slapshot by Patrik Berglund.
1:39 of 2nd period - Shot Misses the Net.
1:41 of 2nd period - Snap shot by Scottie Upshall.
1:41 of 2nd period - Stopped by Jake Allen without a rebound.
1:42 of 2nd period - Matt Nieto wins face-off versus Tyler Johnson in BlueJackets zone.
1:42 of 2nd period - Matt Nieto is hit by Theo Peckham.
1:52 of 2nd period - Snap shot by Erik Cole.
1:52 of 2nd period - Stopped by Thomas Greiss without a rebound.
1:53 of 2nd period - Tyler Johnson wins face-off versus Matt Nieto in Devils zone.
2:00 of 2nd period - Wrist shot by Drew Stafford.
2:00 of 2nd period - Stopped by Jake Allen without a rebound.
2:01 of 2nd period - Matt Nieto wins face-off versus Tyler Johnson in BlueJackets zone.
2:01 of 2nd period - Matt Nieto is hit by Scooter Vaughan.
2:18 of 2nd period - Minor Penalty to Scooter Vaughan for Holding Stick.
2:19 of 2nd period - Drew Stafford wins face-off versus Ryan Garbutt in Devils zone.
2:53 of 2nd period - Wrist shot by Drew Stafford.
2:53 of 2nd period - Shot Blocked by Ryan Garbutt.
2:55 of 2nd period - Wrist shot by Drew Stafford.
2:55 of 2nd period - Stopped by Jake Allen with a rebound.
3:22 of 2nd period - Slapshot by Kevin Klein.
3:22 of 2nd period - Stopped by Thomas Greiss with a rebound.
4:00 of 2nd period - Theo Peckham is hit by Ryan Garbutt and loses puck.
4:18 of 2nd period - Penalty to Scooter Vaughan is over, Scooter Vaughan is back on ice.
4:21 of 2nd period - Slapshot by Tobias Enstrom.
4:21 of 2nd period - Shot Blocked by Sergei Gonchar.
4:29 of 2nd period - Tobias Enstrom is hit by Jamie McGinn and loses puck.
5:49 of 2nd period - Off-side.
5:50 of 2nd period - Ryan Jones wins face-off versus Matt Nieto in neutral zone.
6:06 of 2nd period - Snap shot by Kris Versteeg.
6:06 of 2nd period - Deflect By Scottie Upshall.
6:06 of 2nd period - Stopped by Jake Allen without a rebound.
6:07 of 2nd period - Chris Mueller wins face-off versus Drew Shore in BlueJackets zone.
6:12 of 2nd period - Snap shot by Sergei Gonchar.
6:12 of 2nd period - Stopped by Jake Allen without a rebound.
6:13 of 2nd period - Drew Shore wins face-off versus Chris Mueller in BlueJackets zone.
6:49 of 2nd period - Off-side.
6:50 of 2nd period - Kris Versteeg wins face-off versus Matt Nieto in neutral zone.
7:36 of 2nd period - Slapshot by Tyler Johnson.
7:36 of 2nd period - Stopped by Jake Allen with a rebound.
7:38 of 2nd period - Snap shot by Tyler Johnson.
7:38 of 2nd period - Stopped by Jake Allen with a rebound.
8:38 of 2nd period - Chad Ruhwedel is hit by Scooter Vaughan.
8:44 of 2nd period - Wrist shot by Kris Versteeg.
8:44 of 2nd period - Stopped by Jake Allen with a rebound.
8:46 of 2nd period - Snap shot by Scottie Upshall.
8:46 of 2nd period - Stopped by Jake Allen with a rebound.
8:48 of 2nd period - Snap shot by Patrik Berglund.
8:48 of 2nd period - Deflect By Kris Versteeg.
8:48 of 2nd period - Shot Misses the Net.
8:48 of 2nd period - Puck is out of play.
8:49 of 2nd period - Patrik Berglund wins face-off versus Matt Nieto in BlueJackets zone.
9:47 of 2nd period - Kevin Klein is hit by Adam Burish and loses puck.
11:12 of 2nd period - Snap shot by Kris Versteeg.
11:12 of 2nd period - Deflect By Scottie Upshall.
11:12 of 2nd period - Stopped by Jake Allen with a rebound.
11:14 of 2nd period - Slapshot by Patrik Berglund.
11:14 of 2nd period - Stopped by Jake Allen with a rebound.
11:20 of 2nd period - Backhand shot by Scottie Upshall.
11:20 of 2nd period - Stopped by Jake Allen with a rebound.
11:51 of 2nd period - Snap shot by Ryan Garbutt.
11:51 of 2nd period - Shot Blocked by Matt Irwin.
11:57 of 2nd period - Minor Penalty to Adam Burish for Slashing.
11:58 of 2nd period - Vernon Fiddler wins face-off versus Drew Stafford in Devils zone.
12:45 of 2nd period - Tim Gleason is hit by Tobias Enstrom and loses puck.
12:56 of 2nd period - Wrist shot by Erik Cole.
12:56 of 2nd period - Goal by Erik Cole - Devils : 1 - BlueJackets : 3.
12:57 of 2nd period - Patrik Berglund wins face-off versus Drew Shore in neutral zone.
13:14 of 2nd period - Kevin Connauton is hit by Theo Peckham and loses puck.
13:20 of 2nd period - Off-side.
13:21 of 2nd period - Matt Nieto wins face-off versus Chris Mueller in neutral zone.
13:30 of 2nd period - Adam Burish is hit by Matt Nieto and loses puck.
13:47 of 2nd period - Snap shot by Ales Hemsky.
13:47 of 2nd period - Shot Misses the Net.
13:53 of 2nd period - Adam Burish is hit by Kevin Klein and loses puck.
14:32 of 2nd period - Snap shot by Drew Stafford.
14:32 of 2nd period - Shot Blocked by Drew Shore.
14:39 of 2nd period - Off-side.
14:40 of 2nd period - Patrik Berglund wins face-off versus Drew Shore in neutral zone.
15:17 of 2nd period - Wrist shot by Kris Versteeg.
15:17 of 2nd period - Stopped by Jake Allen with a rebound.
15:27 of 2nd period - Snap shot by Matt Irwin.
15:27 of 2nd period - Shot Blocked by Kevin Klein.
15:29 of 2nd period - Wrist shot by Jay Beagle.
15:29 of 2nd period - Shot Blocked by Kevin Klein.
17:43 of 2nd period - Slapshot by Matt Irwin.
17:43 of 2nd period - Goal by Matt Irwin - Devils : 2 - BlueJackets : 3.
17:44 of 2nd period - Tyler Johnson wins face-off versus Drew Shore in neutral zone.
17:47 of 2nd period - Snap shot by Jamie McGinn.
17:47 of 2nd period - Stopped by Jake Allen without a rebound.
17:48 of 2nd period - Drew Shore wins face-off versus Jamie McGinn in BlueJackets zone.
17:53 of 2nd period - Slapshot by Drew Shore.
17:53 of 2nd period - Shot Misses the Net.
17:55 of 2nd period - Wrist shot by Drew Shore.
17:55 of 2nd period - Shot Blocked by Drew Stafford.
18:07 of 2nd period - Snap shot by Jesse Winchester.
18:07 of 2nd period - Stopped by Thomas Greiss without a rebound.
18:08 of 2nd period - Patrik Berglund wins face-off versus Matt Nieto in Devils zone.
18:42 of 2nd period - Off-side.
18:43 of 2nd period - Chris Mueller wins face-off versus Vernon Fiddler in neutral zone.
18:46 of 2nd period - Slapshot by Sergei Gonchar.
18:46 of 2nd period - Stopped by Jake Allen with a rebound.
18:48 of 2nd period - Snap shot by Chris Mueller.
18:48 of 2nd period - Stopped by Jake Allen with a rebound.
19:04 of 2nd period - Slapshot by Patrick Wiercioch.
19:04 of 2nd period - Shot Misses the Net.
19:38 of 2nd period - Tobias Enstrom is hit by David Warsofsky and loses puck.
19:59 of 2nd period - Snap shot by Ryan Garbutt.
19:59 of 2nd period - Stopped by Thomas Greiss without a rebound.
Goals for this period are 1 for Devils vs 2 for BlueJackets.
Shots for this period are 17 for Devils vs 7 for BlueJackets.

3rd period


0:01 of 3rd period - Tyler Johnson wins face-off versus Matt Nieto in neutral zone.
0:03 of 3rd period - Minor Penalty to Tim Gleason for Tripping.
0:04 of 3rd period - Drew Stafford wins face-off versus Ryan Garbutt in Devils zone.
0:04 of 3rd period - Drew Stafford is hit by Ryan Garbutt.
0:31 of 3rd period - Snap shot by Sergei Gonchar.
0:31 of 3rd period - Deflect By Drew Stafford.
0:31 of 3rd period - Shot Misses the Net.
0:31 of 3rd period - Puck is out of play.
0:32 of 3rd period - Vernon Fiddler wins face-off versus Drew Stafford in BlueJackets zone.
1:11 of 3rd period - David Warsofsky is hit by Vernon Fiddler and loses puck.
2:03 of 3rd period - Penalty to Tim Gleason is over, Tim Gleason is back on ice.
2:34 of 3rd period - Snap shot by Ryan Garbutt.
2:34 of 3rd period - Shot Misses the Net.
2:35 of 3rd period - Minor Penalty to Kevin Klein for Hooking.
2:36 of 3rd period - Patrik Berglund wins face-off versus Teddy Purcell in BlueJackets zone.
2:37 of 3rd period - Snap shot by Scottie Upshall.
2:37 of 3rd period - Shot Misses the Net.
3:17 of 3rd period - Teddy Purcell is hit by Scooter Vaughan and loses puck.
3:40 of 3rd period - Slapshot by Scottie Upshall.
3:40 of 3rd period - Deflect By Patrik Berglund.
3:40 of 3rd period - Shot Misses the Net.
3:40 of 3rd period - Puck is out of play.
3:41 of 3rd period - Sam Gagner wins face-off versus Patrik Berglund in BlueJackets zone.
4:09 of 3rd period - Chad Ruhwedel is hit by Drew Stafford and loses puck.
4:30 of 3rd period - Snap shot by Kris Versteeg.
4:30 of 3rd period - Stopped by Jake Allen without a rebound.
4:31 of 3rd period - Patrik Berglund wins face-off versus Teddy Purcell in BlueJackets zone.
4:35 of 3rd period - Penalty to Kevin Klein is over, Kevin Klein is back on ice.
5:25 of 3rd period - Matt Irwin is hit by Drew Shore and loses puck.
5:42 of 3rd period - Patrick Wiercioch is hit by Jamie McGinn.
5:46 of 3rd period - Slapshot by Erik Cole.
5:46 of 3rd period - Shot Misses the Net.
6:02 of 3rd period - James Wright is hit by Jay Beagle and loses puck.
6:07 of 3rd period - Snap shot by Jamie McGinn.
6:07 of 3rd period - Stopped by Jake Allen with a rebound.
6:39 of 3rd period - Kevin Klein is hit by Theo Peckham and loses puck.
6:57 of 3rd period - Off-side.
6:58 of 3rd period - Drew Shore wins face-off versus Jamie McGinn in neutral zone.
7:29 of 3rd period - Snap shot by Ales Hemsky.
7:29 of 3rd period - Stopped by Jake Allen without a rebound.
7:30 of 3rd period - Chris Mueller wins face-off versus James Wright in BlueJackets zone.
7:47 of 3rd period - Wrist shot by Patrik Berglund.
7:47 of 3rd period - Shot Misses the Net.
7:49 of 3rd period - Snap shot by Scooter Vaughan.
7:49 of 3rd period - Shot Misses the Net.
7:51 of 3rd period - Slapshot by Kris Versteeg.
7:51 of 3rd period - Shot Misses the Net.
7:53 of 3rd period - Snap shot by Patrik Berglund.
7:53 of 3rd period - Shot Hit the Post.
7:55 of 3rd period - Slapshot by Tim Gleason.
7:55 of 3rd period - Stopped by Jake Allen with a rebound.
7:57 of 3rd period - Wrist shot by Tim Gleason.
7:57 of 3rd period - Deflect By Kris Versteeg.
7:57 of 3rd period - Shot Misses the Net.
7:57 of 3rd period - Puck is out of play.
7:58 of 3rd period - Matt Nieto wins face-off versus Drew Stafford in BlueJackets zone.
7:58 of 3rd period - Matt Nieto is hit by Theo Peckham.
8:18 of 3rd period - Snap shot by Erik Cole.
8:18 of 3rd period - Shot Blocked by Tim Gleason.
8:20 of 3rd period - Wrist shot by Matt Nieto.
8:20 of 3rd period - Deflect By Sam Gagner.
8:20 of 3rd period - Shot Misses the Net.
8:20 of 3rd period - Puck is out of play.
8:21 of 3rd period - Drew Shore wins face-off versus Chris Mueller in Devils zone.
9:45 of 3rd period - Wrist shot by Vernon Fiddler.
9:45 of 3rd period - Deflect By Teddy Purcell.
9:45 of 3rd period - Stopped by Thomas Greiss with a rebound.
9:47 of 3rd period - Snap shot by Patrick Wiercioch.
9:47 of 3rd period - Deflect By Teddy Purcell.
9:47 of 3rd period - Goal by Teddy Purcell - Devils : 2 - BlueJackets : 4.
9:48 of 3rd period - Drew Shore wins face-off versus Tyler Johnson in neutral zone.
9:59 of 3rd period - Wrist shot by Tyler Johnson.
9:59 of 3rd period - Shot Misses the Net.
10:05 of 3rd period - Snap shot by Drew Stafford.
10:05 of 3rd period - Stopped by Jake Allen without a rebound.
10:06 of 3rd period - Tyler Johnson wins face-off versus Drew Shore in BlueJackets zone.
10:25 of 3rd period - Snap shot by Tyler Johnson.
10:25 of 3rd period - Goal by Tyler Johnson - Devils : 3 - BlueJackets : 4.
10:26 of 3rd period - Vernon Fiddler wins face-off versus Chris Mueller in neutral zone.
10:43 of 3rd period - Slapshot by Tobias Enstrom.
10:43 of 3rd period - Stopped by Thomas Greiss with a rebound.
10:45 of 3rd period - Slapshot by Chad Ruhwedel.
10:45 of 3rd period - Deflect By Teddy Purcell.
10:45 of 3rd period - Stopped by Thomas Greiss without a rebound.
10:46 of 3rd period - Vernon Fiddler wins face-off versus Chris Mueller in Devils zone.
10:47 of 3rd period - Snap shot by Tobias Enstrom.
10:47 of 3rd period - Shot Blocked by Adam Burish.
10:49 of 3rd period - Slapshot by Chad Ruhwedel.
10:49 of 3rd period - Stopped by Thomas Greiss with a rebound.
10:51 of 3rd period - Snap shot by Vernon Fiddler.
10:51 of 3rd period - Shot Blocked by Chris Mueller.
11:02 of 3rd period - Snap shot by Teddy Purcell.
11:02 of 3rd period - Deflect By Vernon Fiddler.
11:02 of 3rd period - Stopped by Thomas Greiss with a rebound.
11:08 of 3rd period - Slapshot by Tobias Enstrom.
11:08 of 3rd period - Stopped by Thomas Greiss with a rebound.
11:10 of 3rd period - Slapshot by Chad Ruhwedel.
11:10 of 3rd period - Deflect By Adam Burish.
11:10 of 3rd period - Goal by Chad Ruhwedel - Devils : 3 - BlueJackets : 5.
11:11 of 3rd period - Tyler Johnson wins face-off versus Matt Nieto in neutral zone.
12:01 of 3rd period - Slapshot by Kevin Klein.
12:01 of 3rd period - Deflect By Teddy Purcell.
12:01 of 3rd period - Shot Blocked by Patrik Berglund.
12:01 of 3rd period - Puck is out of play.
12:02 of 3rd period - Vernon Fiddler wins face-off versus Kris Versteeg in Devils zone.
12:15 of 3rd period - Wrist shot by Patrik Berglund.
12:15 of 3rd period - Stopped by Jake Allen with a rebound.
12:19 of 3rd period - Slapshot by Scottie Upshall.
12:19 of 3rd period - Shot Blocked by Patrick Wiercioch.
12:21 of 3rd period - Snap shot by Patrik Berglund.
12:21 of 3rd period - Stopped by Jake Allen with a rebound.
12:23 of 3rd period - Wrist shot by Kris Versteeg.
12:23 of 3rd period - Shot Blocked by Kevin Connauton.
12:39 of 3rd period - Snap shot by Scottie Upshall.
12:39 of 3rd period - Stopped by Jake Allen with a rebound.
12:55 of 3rd period - David Warsofsky is hit by Ryan Garbutt and loses puck.
13:14 of 3rd period - Slapshot by Drew Shore.
13:14 of 3rd period - Shot Blocked by David Warsofsky.
14:50 of 3rd period - Tim Gleason is hit by Ryan Garbutt and loses puck.
15:27 of 3rd period - Vernon Fiddler is hit by Patrik Berglund.
15:37 of 3rd period - Sam Gagner is hit by Tim Gleason and loses puck.
16:02 of 3rd period - Backhand shot by Chad Ruhwedel.
16:02 of 3rd period - Shot Misses the Net.
16:04 of 3rd period - Slapshot by James Wright.
16:04 of 3rd period - Stopped by Thomas Greiss with a rebound.
16:06 of 3rd period - Slapshot by Michael Raffl.
16:06 of 3rd period - Stopped by Thomas Greiss without a rebound.
16:07 of 3rd period - Jay Beagle wins face-off versus James Wright in Devils zone.
16:31 of 3rd period - Matt Irwin is hit by Ryan Garbutt and loses puck.
16:50 of 3rd period - Wrist shot by Jamie McGinn.
16:50 of 3rd period - Shot Misses the Net.
17:45 of 3rd period - Wrist shot by Teddy Purcell.
17:45 of 3rd period - Deflect By Justin Williams.
17:45 of 3rd period - Stopped by Thomas Greiss with a rebound.
17:47 of 3rd period - Slapshot by Patrick Wiercioch.
17:47 of 3rd period - Shot Misses the Net.
17:49 of 3rd period - Slapshot by Kevin Klein.
17:49 of 3rd period - Shot Blocked by Sergei Gonchar.
17:51 of 3rd period - Slapshot by Kevin Klein.
17:51 of 3rd period - Deflect By Teddy Purcell.
17:51 of 3rd period - Stopped by Thomas Greiss with a rebound.
18:37 of 3rd period - Slapshot by Tobias Enstrom.
18:37 of 3rd period - Shot Misses the Net.
18:39 of 3rd period - Wrist shot by Erik Cole.
18:39 of 3rd period - Shot Blocked by Ales Hemsky.
18:41 of 3rd period - Slapshot by Tobias Enstrom.
18:41 of 3rd period - Deflect By Adam Burish.
18:41 of 3rd period - Stopped by Thomas Greiss with a rebound.
19:38 of 3rd period - Ryan Garbutt is hit by Drew Stafford and loses puck.
19:53 of 3rd period - Kevin Klein is hit by Patrik Berglund and loses puck.
19:59 of 3rd period - Minor Penalty to Ryan Garbutt for Interference.
Goals for this period are 1 for Devils vs 2 for BlueJackets.
Shots for this period are 9 for Devils vs 13 for BlueJackets.
Goals for this period are 1 for Devils vs 2 for BlueJackets.
Shots for this period are 9 for Devils vs 13 for BlueJackets.


Output by the SimonT Hockey Simulator (STHS) for Eric Dolegowski -- Original Page W3C XHTML 1.0 Valid
Hockey Simulator - Hockey Simulation - Hockey Manager